 Dungeon Crawl Stone Soup version 0.18-a0-1577-gf591c28 (webtiles) character file.

192 Sixotanaka the Cudgeler (level 5, -1/38 HPs)
             Began as a Demigod Wanderer on Mar 17, 2016.
             Slain by a killer bee (3 damage)
             ... on level 4 of the Dungeon.
             The game lasted 00:06:00 (4022 turns).

Sixotanaka the Cudgeler (Demigod Wanderer)          Turns: 4022, Time: 00:06:00

Health: -1/38      AC:  6    Str: 18    XL:     5   Next: 19%
Magic:  13/13      EV: 10    Int: 16    God:
Gold:   87         SH:  0    Dex: 14    Spells: 1 memorised, 10 levels left

rFire  . . .     SeeInvis .     b - +0 blowgun
rCold  . . .     Gourm    .     v - +0 ring mail
rNeg   . . .     Faith    .     (no shield)
rPois  .         Spirit   .     (no helmet)
rElec  .         Dismiss  .     (no cloak)
rCorr  .         Reflect  .     o - +0 pair of gloves
SustAt +         Harm     .     (no boots)
MR     .....                    (no amulet)
Stlth  +.........               (no ring)
                                (no ring)

@: lethally poisoned (-1 -> -13), about to teleport, flying, not resistant to
hostile enchantments, very unstealthy
A: high mp 1, sustain attributes
a: no special abilities


You were on level 4 of the Dungeon.
You were not hungry.

You visited 1 branch of the dungeon, and saw 4 of its levels.

You collected 87 gold pieces.


Innate Abilities, Weirdness & Mutations

You have an increased reservoir of magic (+10% MP).
Your attributes are resistant to harm.


   Skills:
 + Level 5.2 Maces & Flails
 - Level 1.0 Throwing
 - Level 1.0 Armour
 - Level 3.6 Spellcasting
   Level 1.0 Hexes
 - Level 1.0 Evocations


You had 10 spell levels left.
You knew the following spells:

 Your Spells              Type           Power        Failure   Level  Hunger
z - Flame Tongue          Conj/Fire      #....        38%         1    None


Dungeon Overview and Level Annotations

Branches:
Dungeon (4/15)
 Temple: D:4-7

Inventory:

Hand Weapons
 a - a +0 whip
 b - a +0 blowgun (weapon)
Missiles
 k - 20 poisoned needles (quivered)
 r - 3 needles of sleeping
Armour
 o - a +0 pair of gloves (worn)
 v - a +0 ring mail (worn)
Wands
 s - a wand of iceblast (7/15)
Scrolls
 e - 5 scrolls of remove curse {unknown}
 g - 2 scrolls of fear {unknown}
 j - 2 scrolls of identify {unknown}
 m - a scroll of fog {unknown}
 n - a scroll of noise {unknown}
Potions
 h - a potion of lignification {!q}
Books
 u - Zeen Guz's Guide on Confrontation and Heat

   Spells                             Type                      Level
   a - Flame Tongue                   Conjuration/Fire             1
   b - Throw Flame                    Conjuration/Fire             2
Comestibles
 d - a chunk of flesh
 f - 3 bread rations
 l - a meat ration

#.# # ##(# # ##...# #.....#
######### .......###
######.......#
....y....####...........##
.......#y.#.............# #
......###y..............###
...... ##@.............##.
..... #yy............###.
....# #.............)##..
y### #..............#..#
##...............##
#............##.##
#............###..
#(...........# #..
........####..


You could see 4 killer bees.


Message History

The killer bee barely misses you. The killer bee stings you.
Aim: a killer bee You shoot a poisoned needle.
The poisoned needle closely misses the killer bee.
The killer bee stings you.
You are poisoned.
The killer bee poisons you! The killer bee stings you.
Aim: a killer bee You shoot a poisoned needle.
The poisoned needle hits the killer bee.
The killer bee is poisoned.
You feel sick.
The killer bee stings you but does no damage.
Aim: a killer bee (poisoned)
You shoot a poisoned needle.
The poisoned needle misses the killer bee.
You feel sick. The killer bee barely misses you.
The killer bee closely misses you.
A killer bee comes into view.
Aim: a killer bee (lightly wounded, poisoned)
You shoot a poisoned needle.
The poisoned needle hits the killer bee.
The killer bee looks even sicker.
The killer bee buzzes angrily.
The killer bee stings you. The killer bee barely misses you.
Aim: a killer bee (moderately wounded, poisoned)
You shoot a poisoned needle.
The poisoned needle misses the killer bee.
You feel sick. The killer bee barely misses you.
The killer bee stings you but does no damage.
A killer bee comes into view.
You shoot a poisoned needle.
The poisoned needle misses the killer bee.
The poisoned needle closely misses the killer bee.
The killer bee buzzes angrily.
The killer bee stings you.
* * * LOW HITPOINT WARNING * * *
The killer bee stings you.
* * * LOW HITPOINT WARNING * * *
A killer bee comes into view.
Read which item? (? for menu, Esc to quit)
As you read the scroll of teleportation {@r4}, it crumbles to dust.
You feel strangely unstable.
You feel sick.
The killer bee buzzes angrily. x2
The killer bee stings you but does no damage.
The killer bee closely misses you. The killer bee stings you!
* * * LOW HITPOINT WARNING * * *
You are lethally poisoned!
The killer bee poisons you!
The killer bee stings you but does no damage.
Drink which item? (? for menu, Esc to quit)
Really quaff
h - a potion of lignification {!q}?
Drink which item? (? for menu, Esc to quit)
You don't have any such object.
Drink which item? (? for menu, Esc to quit)
Okay, then.
Unknown command.
Drink which item? (? for menu, Esc to quit)
It was a potion of flight.
You feel very buoyant.
You fly up into the air.
* * * LOW HITPOINT WARNING * * *
You feel sick.
You kill the killer bee!
Your Maces & Flails skill increases to level 5!
You have reached level 5!
The killer bee stings you.
* * * LOW HITPOINT WARNING * * *
The killer bee closely misses you. The killer bee barely misses you.
The killer bee stings you.
You die...

Action                   |  1- 3 |  4- 6 || total
-------------------------+-------+-------++-------
Melee: Club              |   176 |       ||   176
       Whip              |    67 |    70 ||   137
 Fire: Blowgun           |       |    10 ||    10
 Cast: Flame Tongue      |     5 |       ||     5
  Use: Potion            |       |     4 ||     4
       Scroll            |       |     1 ||     1
  Eat: Chunk             |     6 |     4 ||    10

Vault maps used:
D:1:      zaba_arrival_water, serial_forest, infiniplex_forest_lined_4_way,
          infiniplex_forest_clump_double, infiniplex_forest_clump_large,
          infiniplex_forest_pool, infiniplex_forest_straight_2,
          infiniplex_forest_clump_tiny, infiniplex_forest_clump_medium,
          lemuel_old_faithful
D:2:      cheibriados_altar_1
D:4:      first_bread

Notes
Turn   | Place    | Note
--------------------------------------------------------------
     0 | D:1      | Sixotanaka the Demigod Wanderer began the quest for the Orb.
     0 | D:1      | Sixotanaka set off with: a +2 scale mail, Zeen Guz's Guide on Confrontation and Heat, a scroll of teleportation {@r4}, a +0 club, a bread ration
     0 | D:1      | Reached XP level 1. HP: 14/14 MP: 7/7
     0 | D:1      | Identified Zeen Guz's Guide on Confrontation and Heat
     2 | D:1      | Learned a level 1 spell: Flame Tongue
   259 | D:1      | Reached skill level 2 in Maces & Flails
   564 | D:1      | Reached XP level 2. HP: 18/20 MP: 9/9
   855 | D:1      | Reached skill level 3 in Maces & Flails
  1105 | D:1      | Reached XP level 3. HP: 26/26 MP: 10/10
  1375 | D:2      | HP: 6/26 [poisoned by an adder]
  1383 | D:2      | HP: 5/26 [poisoned by an adder]
  2406 | D:2      | Found a snail-covered altar of Cheibriados.
  2763 | D:3      | Reached skill level 4 in Maces & Flails
  2884 | D:3      | Reached XP level 4. HP: 25/33 MP: 12/12
  3537 | D:4      | HP: 12/49 [poisoned by a worker ant]
  3542 | D:4      | HP: 5/49 [poisoned by a worker ant]
  4021 | D:4      | HP: 5/33 [killer bee (8)]
  4022 | D:4      | Reached skill level 5 in Maces & Flails
  4022 | D:4      | Reached XP level 5. HP: 4/38 MP: 13/13
  4022 | D:4      | HP: 2/38 [killer bee (2)]
  4022 | D:4      | Slain by a killer bee

Vanquished Creatures
  A killer bee (D:4)
  2 worker ants (D:4)
  3 adders
  An ooze (D:3)
  A worm (D:2)
  A dart slug (D:1)
  2 giant geckos
  3 orcs (D:3)
  2 ball pythons
  6 bats
  3 giant cockroaches
  2 goblins
  7 hobgoblins
  4 jackals (D:1)
  6 giant newts
  11 kobolds
  9 rats
64 creatures vanquished.
